 Dungeon Crawl Stone Soup version 0.31-a0-971-g75a2e9a4b4 (webtiles) character file.

Game seed: 3075668449056705203

3731 deremet the Fighter (level 9, -2/81 HPs)
             Began as a Minotaur Hunter on Oct 29, 2023.
             Was a Believer of Dithmenos.
             Constricted to death by Harold (5 damage)
             ... on level 9 of the Dungeon.
             The game lasted 00:27:50 (8723 turns).

deremet the Fighter (Minotaur Hunter)               Turns: 8723, Time: 00:27:50

Health: -2/81      AC:  8    Str: 17    XL:     9   Next: 92%
Magic:  11/11      EV: 10    Int: 10    God:    Dithmenos [**....]
Gold:   231        SH:  5    Dex: 13    Spells: 2/12 levels left

rFire   . . .        C - +8 flail "Ytsoom" {freeze, rC+ Int+3}
rCold   + . .        (no shield)
rNeg    + + .        z - +4 leather armour of Music {rPois rN++ Int-3}
rPois   +            (helmet restricted)
rElec   .            (no cloak)
rCorr   .            (no gloves)
SInv    .            g - +0 pair of boots
Will    .....        v - amulet of reflection
Stlth   +++          f - ring of flight
HPRegen 0.33/turn    x - ring of poison resistance
MPRegen 0.12/turn

%: reflection
@: marked, grasped by roots, flying, wreathed by umbra, constricted
A: horns 2, retaliatory headbutt
a: Renounce Religion, Shadow Step


You were on level 9 of the Dungeon.
You worshipped Dithmenos.
Dithmenos was pleased with you.
You visited 2 branches of the dungeon, and saw 10 of its levels.

You collected 389 gold pieces.
You spent 158 gold pieces at shops.

Inventory:

Hand Weapons
 a - a +0 shortbow
 t - a +1 dagger of electrocution
 u - a +0 long sword
 B - a +0 orcbow
 C - the +8 flail "Ytsoom" (weapon) {freeze, rC+ Int+3}
   (You found it on level 6 of the Dungeon)

   Int+3:     It affects your intelligence (+3).
   rC+:       It protects you from cold.
 F - a +3 heavy hand axe
 K - a +0 dagger of venom
Missiles
 l - 26 poisoned darts
Armour
 c - a +0 leather armour
 g - a +0 pair of boots (worn)
 p - a +0 ring mail
 z - the +4 leather armour of Music (worn) {rPois rN++ Int-3}
   (You found it on level 5 of the Dungeon)

   Int-3:     It affects your intelligence (-3).
   rPois:     It protects you from poison rN++: It greatly protects you from
   negative energy.
 P - a +2 robe of willpower
Magical Staves
 d - a staff of cold
Jewellery
 f - a ring of flight (left hand)
 v - an amulet of reflection (around neck)
 x - a ring of poison resistance (right hand)
 G - a ring of protection from cold
 N - an amulet of guardian spirit
Wands
 A - a wand of digging (6)
 H - a wand of roots (11)
 J - a wand of flame (31)
Scrolls
 b - a scroll of butterflies
 i - 3 scrolls of enchant weapon
 n - 2 scrolls of fear {unknown}
 q - a scroll of immolation {unknown}
 s - 2 scrolls of enchant armour
 y - a scroll of blinking {unknown}
 D - 3 scrolls of identify
 E - 2 scrolls of vulnerability {unknown}
 I - a scroll of amnesia {unknown}
 L - a scroll of fog {unknown}
 M - a scroll of teleportation {unknown}
 O - a scroll of poison {unknown}
 Q - a scroll of revelation {unknown}
Potions
 e - a potion of lignification
 j - a potion of ambrosia
 k - 3 potions of heal wounds
 m - 4 potions of enlightenment
 o - a potion of curing
 r - 2 potions of mutation
 w - a potion of invisibility


   Skills:
 * Level 8.2 Fighting
 - Level 1.4(1.7) Short Blades
 - Level 1.4(1.9) Long Blades
 + Level 3.6 Maces & Flails
 + Level 6.8 Ranged Weapons
 - Level 2.1 Throwing
 + Level 4.8 Armour
 + Level 5.5 Dodging
 + Level 4.1 Stealth
 + Level 2.1 Spellcasting
 + Level 0.9 Hexes
 + Level 1.1 Summonings
 + Level 1.0 Translocations
 * Level 4.0 Invocations
 + Level 3.0 Evocations


You had 2 spell levels left.
You knew the following spells:

 Your Spells              Type           Power      Damage    Failure   Level
a - Call Canine Familiar  Summ           3%         N/A       56%         3
b - Sigil of Binding      Hex            2%         N/A       58%         3
c - Dimensional Bullseye  Hex/Tloc       1%         N/A       94%         4

Your spell library contained the following spells:

 Spells                   Type           Power      Damage    Failure   Level
 Sting                    Tmut/Pois      4%         1d3       36%         1
 Poisonous Vapours        Pois/Air       2%         N/A       50%         2
 Inner Flame              Hex/Fire       1%         N/A       67%         3
 Leda's Liquefaction      Hex/Erth       0%         N/A       97%         4
 Animate Dead             Necr           1%         N/A       98%         4
 Olgreb's Toxic Radiance  Pois           1%         N/A       98%         4
 Borgnjor's Vile Clutch   Necr/Erth      0%         N/A       100%        5
 Lee's Rapid Deconstruct  Erth           0%         3d4*      100%        5
 Yara's Violent Unravell  Hex/Tmut       0%         3d3       100%        5
 Bombard                  Conj/Erth      0%         9d1       100%        6
 Death Channel            Necr           0%         N/A       100%        6
 Enfeeble                 Hex            1%         N/A       100%        7


Dungeon Overview and Level Annotations

Branches:
Dungeon (9/15)             Temple (1/1) D:4
   Lair: D:8-11         Orc: D:9-12

Altars:
Ashenzari
Cheibriados
Dithmenos
Elyvilon
Fedhas
Gozag
Hepliaklqana
Kikubaaqudgha
Makhleb
Nemelex Xobeh
Okawaru
Qazlal
Ru
Trog
Uskayaw
Vehumet
Wu Jian
Xom
Yredelemnul
Zin
The Shining One

Shops:
D:5 ((*?=

Annotations:
D:9 Harold


Innate Abilities, Weirdness & Mutations

You have a pair of horns on your head.
You reflexively headbutt those who attack you in melee.


Message History

A gnoll and an orc wizard come into view.
You feel clever.
The +8 flail "Ytsoom" {freeze, rC+ Int+3} glows with a cold blue light!
C - the +8 flail "Ytsoom" (weapon)
{freeze, rC+ Int+3} A gnoll comes into view.
It is wielding a +0 whip.
Harold points at you and mumbles some strange words.
A sentinel's mark forms upon you.
The gnoll shouts!
You hit Harold but do no damage.
Harold is lightly wounded.
You hear a shout! x4
A gnoll comes into view. It is wielding a +0 whip.
Harold barely misses you.
You hit Harold but do no damage. You headbutt Harold, but do no damage.
Harold is lightly wounded.
Harold misses you. You furiously retaliate!
You headbutt Harold.
A gnoll comes into view. It is wielding a +0 whip.
You sock Harold! You freeze Harold.
Harold is moderately wounded.
Harold hits you with a +0 battleaxe!!
A gnoll comes into view. It is wielding a +0 spear.
You hit Harold but do no damage. You headbutt Harold, but do no damage.
Your punch misses Harold.
Harold is moderately wounded.
Harold zaps a wand.
The roots erupt in riotous growth!
The grasping roots grab you!
Harold is unaffected.
The grasping roots constrict you.
You hit Harold but do no damage. You headbutt Harold.
Harold is moderately wounded.
Harold looks more healthy.
An orc comes into view. It is wielding a +0 club.
Harold says, "My wife will appreciate not having to wash blood out of my clothes anymore."
Harold hits you with a +0 battleaxe!! The grasping roots constrict you.
* * * LOW HITPOINT WARNING * * *
Harold says, "Try to look on the bright side.
Your death will help put my children through school."
Harold hits you with a +0 battleaxe!!
* * * LOW HITPOINT WARNING * * *
The grasping roots constrict you.
You die...
Harold sighs, "Nothing for old Harold but painting after this." ./........... ........... ......... ......g ogyc. yyy

#@# #@# #.# #.# #.# #.#
#.#
#######(################
........................
######..################


You could see Harold, a centaur, 4 killer bees, an orc wizard and 2 gnolls.

Vanquished Creatures
  A gargoyle (D:7)
  A kobold demonologist (D:9)
  Psyche (D:9)
  2 wyverns
  3 wargs (D:9)
  A water moccasin (D:7)
  2 sky beasts (D:8)
  An orc warrior (D:9)
  2 ogres
  A centaur (D:5)
  A kobold brigand (D:8)
  3 bullfrogs
  2 scorpions (D:7)
  A water moccasin zombie (D:4)
  6 killer bees
  2 vampire bats (D:9)
  2 electric eels (D:7)
  A centaur zombie (D:4)
  3 jellies
  2 bullfrog skeletons (D:4)
  6 iguanas
  3 scorpion zombies (D:4)
  A sleepcap (D:4)
  6 orc wizards
  A hound zombie (D:4)
  2 hound skeletons (D:4)
  2 howler monkey zombies (D:4)
  4 adders
  2 ufetubi (D:6)
  2 adder zombies (D:4)
  2 dart slugs
  22 orcs
  5 ball pythons
  12 bats
  5 endoplasms
  4 giant cockroaches
  9 goblins
  10 hobgoblins
  5 jackals
  4 quokkas
  3 frilled lizards
  10 kobolds
  9 rats
167 creatures vanquished.

Notes
Turn   | Place    | Note
-------+----------+-------------------------------------------
     0 | D:1      | deremet the Minotaur Hunter began the quest for the Orb.
     0 | D:1      | Reached XP level 1. HP: 18/18 MP: 0/0
   127 | D:1      | Reached skill level 1 in Stealth
   187 | D:1      | Reached XP level 2. HP: 25/25 MP: 1/1
   195 | D:1      | Reached skill level 3 in Fighting
   716 | D:2      | Reached XP level 3. HP: 31/31 MP: 2/2
  1003 | D:2      | Found a faded altar of an unknown god.
  1911 | D:2      | Reached XP level 4. HP: 34/40 MP: 3/3
  1935 | D:2      | Reached skill level 4 in Fighting
  2232 | D:3      | Reached skill level 1 in Armour
  2272 | D:3      | Reached XP level 5. HP: 46/46 MP: 4/4
  2553 | D:3      | Found an iron altar of Okawaru.
  2692 | D:4      | Found a sparkling altar of Nemelex Xobeh.
  2700 | D:4      | Noticed an ogre
  2718 | D:4      | Killed an ogre
  2719 | D:4      | Reached skill level 5 in Ranged Weapons
  2719 | D:4      | Reached skill level 1 in Throwing
  2728 | D:4      | Found a staircase to the Ecumenical Temple.
  2758 | Temple   | Entered the Ecumenical Temple
  2778 | Temple   | Became a worshipper of Dithmenos the Shadowed
  2842 | D:4      | Reached XP level 6. HP: 55/55 MP: 5/5
  3194 | D:4      | Learned a level 3 spell: Call Canine Familiar
  3236 | D:4      | Reached skill level 5 in Fighting
  3376 | D:4      | Reached skill level 1 in Short Blades
  3511 | D:4      | Reached skill level 1 in Invocations
  3511 | D:4      | Reached XP level 7. HP: 59/61 MP: 6/6
  3720 | D:4      | Reached * piety under Dithmenos
  3753 | D:4      | Found a bloodstained altar of Trog.
  4008 | D:4      | Learned a level 3 spell: Sigil of Binding
  4009 | D:5      | Entered Level 5 of the Dungeon
  4009 | D:5      | Found Qirek's Weapon Shoppe.
  4042 | D:5      | Identified the +4 leather armour of Music {rPois rN++
                  | Int-3}
  4058 | D:5      | Found Napeexim's Jewellery Boutique.
  4074 | D:5      | Found a snail-covered altar of Cheibriados.
  4217 | D:5      | Found a hazy altar of Hepliaklqana.
  4227 | D:5      | Found Cuanur's Assorted Antiques.
  4235 | D:5      | Bought a potion of heal wounds for 130 gold pieces
  4276 | D:5      | Found Afioxega's Antique Weapon Boutique.
  4289 | D:5      | Reached skill level 1 in Long Blades
  4514 | D:5      | Found Vupav's Magic Scroll Emporium.
  4517 | D:5      | Bought a scroll of identify for 28 gold pieces
  4549 | D:5      | Found a broken altar of Ashenzari.
  4595 | D:5      | Reached skill level 6 in Fighting
  4801 | D:6      | Identified the +8 flail "Ytsoom" {freeze, rC+ Int+3}
  5060 | D:6      | Found a shimmering altar of Xom.
  5092 | D:6      | Reached skill level 1 in Evocations
  5092 | D:6      | Reached XP level 8. HP: 51/70 MP: 8/8
  5569 | D:7      | Found a transporter.
  5647 | D:7      | Reached skill level 1 in Maces & Flails
  5647 | D:7      | Reached skill level 1 in Spellcasting
  5771 | D:7      | Found a transporter.
  5860 | D:7      | Noticed a gargoyle
  5899 | D:7      | Killed a gargoyle
  5900 | D:7      | Reached skill level 7 in Fighting
  6871 | D:7      | Reached ** piety under Dithmenos
  6936 | D:8      | Found a stormy altar of Qazlal.
  7113 | D:8      | Found a radiant altar of Vehumet.
  7139 | D:8      | Reached XP level 9. HP: 63/79 MP: 10/10
  7216 | D:8      | Learned a level 4 spell: Dimensional Bullseye
  7273 | D:8      | Reached skill level 5 in Dodging
  7560 | D:8      | Found an ornate altar of the Wu Jian Council.
  8127 | D:9      | Noticed Psyche
  8135 | D:9      | Killed Psyche
  8187 | D:9      | Noticed a kobold demonologist
  8384 | D:9      | Found a white marble altar of Elyvilon.
  8433 | D:9      | Killed a kobold demonologist
  8434 | D:9      | Reached skill level 8 in Fighting
  8608 | D:9      | Reached skill level 1 in Summonings
  8707 | D:9      | Noticed Harold
  8715 | D:9      | Reached skill level 1 in Translocations
  8723 | D:9      | HP: 3/81 [Harold/+0 battleaxe (20)]
  8723 | D:9      | Constricted to death by Harold

Illustrated notes

Levels and vault maps discovered:
D:1:      nicolae_arrival_escape_room, layout_loops_ring
D:2:      layout_loops_corners, dreamdust_ecumenical_altar_grove,
          eino_tiny_chamber
D:3:      layout_loops_ring, amcnicky_altar_gilded
D:4:      layout_basic, trog_hazing_becter, mainiacjoe_overflow_chevrons,
          minmay_temple_entry_glass, serial_undead, serial_undead_c,
          serial_undead_e, serial_undead_c, serial_undead_d, serial_undead_c,
          hex_tiny, hangedman_decor_diamond_cutter, mrwooster_statue_mirror
D:5:      layout_cave_pools, nzn_hepliaklqana_mist_gate, cheibriados_altar_1,
          lemuel_crystal_altar, serial_shops, shop, nicolae_stop_n_shop_1,
          nicolae_shop_rolled_up, nicolae_shop_crystal, shop, kennysheep_diamond
D:6:      layout_loops_ring, mainiacjoe_overflow_paths,
          chequers_serial_rivers_micro_c
D:7:      gammafunk_steamed_eel, layout_cave_pods
D:8:      layout_basic, kennysheep_little_box, nzn_wu_jian_council_hall,
          vehumet_crystals
D:9:      layout_long_grid, mainiacjoe_overflow_brackets, lemuel_blue_sif_altar,
          minmay_orc_entry_guard_dogs, roderic_batcave, uniq_harold, uniq_psyche
Temple:   eino_wide_crystal_templ

Skill      XL: |  1  2  3  4  5  6  7  8  9 |
---------------+----------------------------+-----
Stealth        | 1 2 3 4 |  4.1
Fighting       | 3 4 5 6 7 8 |  8.2
Dodging        | 3 4 5 |  5.5
Armour         | 1 2 3 4 |  4.8
Ranged Weapons | 5 6 |  6.8
Throwing       | 1 2 |  2.1
Short Blades   | 1 |  1.4
Invocations    | 1 2 4 |  4.0
Long Blades    | 1 |  1.4
Evocations     | 1 2 3 |  3.0
Maces & Flails | 2 3 |  3.6
Spellcasting   | 1 2 |  2.1
Summonings     | 1 |  1.1
Translocations | 1 |  1.0
Hexes          | |  0.9

Action                     |  1- 3 |  4- 6 |  7- 9 || total
---------------------------+-------+-------+-------++-------
  Melee: Dagger            |       |     4 |       ||     4
         Shortbow          |       |     3 |       ||     3
         Headbutt          |       |     1 |     9 ||    10
         Flail             |       |       |    49 ||    49
   Fire: Shortbow          |   149 |   219 |    95 ||   463
         Orcbow            |       |       |   275 ||   275
  Throw: Dart              |       |     3 |     3 ||     6
  Evoke: Wand              |       |       |     1 ||     1
    Use: Potion            |     2 |       |     3 ||     5
         Scroll            |       |     6 |     3 ||     9
 Armour: Leather armour    |    52 |    79 |   154 ||   285
  Dodge: Dodged            |    29 |    79 |   216 ||   324
  Block: Other             |       |    10 |    54 ||    64
         Reflection        |       |       |     5 ||     5

Table legend: (Time is in decaauts)
 A = Elapsed time spent in this place.
 B = Non-inter-level travel time spent in this place.
 C = Inter-level travel time spent in this place.
 D = Time resting spent in this place.
 E = Time spent auto-exploring this place.
 F = Levels seen in this place.
 G = Mean time per level.
                   A        B        C        D        E       F      G
               +--------+--------+--------+--------+--------+-----+--------+
         Total |   8828 |   8153 |    675 |   1963 |   4582 |  10 |  882.8 |
       Dungeon |   8792 |   8150 |    642 |   1963 |   4582 |   9 |  976.9 |
        Temple |     35 |      2 |     33 |      0 |      0 |   1 |   35.0 |
               +--------+--------+--------+--------+--------+-----+--------+

Top non-repeatable levels by time:
     D:7: 1508 daAuts
     D:2: 1281 daAuts
     D:4: 1100 daAuts
     D:8: 1030 daAuts
     D:3: 930 daAuts
     D:6: 824 daAuts
     D:5: 741 daAuts
     D:1: 726 daAuts
     D:9: 648 daAuts
  Temple: 35 daAuts
